 Dungeon Crawl Stone Soup version 0.31-a0-965-g8a8ce12e04 (webtiles) character file.

Game seed: 7270456296878812714

1996764 Forgeling the Cloud Mage (level 27, 180/180 HPs)
             Began as a Human Ice Elementalist on Oct 26, 2023.
             Was the Champion of Ru.
             Escaped with the Orb
             ... and 4 runes!
             The game lasted 04:22:28 (89893 turns).

Forgeling the Cloud Mage (Human Ice Elementalist)  Turns: 89893, Time: 04:22:29

Health: 180/180    AC: 21    Str: 14    XL:     27
Magic:  55/55      EV: 29    Int: 31    God:    Ru [******]
Gold:   4080       SH: 11    Dex: 32    Spells: 22/65 levels left

rFire   + + .        m - staff "Uscheozi" {rElec Str+3 Air}
rCold   + . .        o - +3 buckler "Weur" {rF+ Dex+3 Stlth+}
rNeg    + . .        t - +1 faerie dragon scales {rCorr MP+9}
rPois   +            S - +0 mask of the Dragon {Will+ Slay+3 SInv}
rElec   +            n - +2 cloak {rPois}
rCorr   +            I - +2 pair of gloves {Dex+3}
SInv    +            V - +2 pair of boots {rampage}
Will    +++..        z - amulet of the Singing Oracle {rN+ Regen+ Str-4 Dex+7} Stlth
                     T - ring of Fimoko {rF+ rC+ Str+4 Stlth-}
HPRegen 2.10/turn    l - ring of Xiykh {rF+ rC+ Int+3 Dex+6 Stlth+}
MPRegen 0.34/turn

%: clarity, rampage
@: studying 2 skills
A: frail 1, screaming 1, no stealth, hated by all, temperature sensitive, no
forms, clarity, regeneration 1, no potion heal 1
0: Orb of Zot
}: 4/15 runes: decaying, serpentine, slimy, silver
a: Renounce Religion, Draw Out Power, Power Leap, Apocalypse


You escaped.
You worshipped Ru.
Ru was exalted by your worship.
You visited 10 branches of the dungeon, and saw 52 of its levels.
You also visited: Trove, Sewer, Bailey, Gauntlet and Wizlab.

You collected 7834 gold pieces.
You spent 3754 gold pieces at shops.

Inventory:

Missiles
 L - 8 curare-tipped darts
Armour
 c - the +4 helmet "Vudi" {Int+3}
   (You acquired it on level 2 of the Elven Halls)

   Int+3:     It affects your intelligence (+3).
 n - a +2 cloak of poison resistance (worn)
 o - the +3 buckler "Weur" (worn) {rF+ Dex+3 Stlth+}
   (You found it on level 5 of the Lair of Beasts)

   Dex+3:     It affects your dexterity (+3).
   rF+:       It protects you from fire.
   Stlth+:    It makes you more stealthy.
 t - the +1 faerie dragon scales (worn) {rCorr MP+9}
   (You took it off the Enchantress on level 4 of the Depths)

   MP+9:      It affects your magic capacity (+9).
   rCorr:     It protects you from acid and corrosion.
 I - a +2 pair of gloves of dexterity (worn)
 S - the +0 mask of the Dragon (worn) {Will+ Slay+3 SInv}
   (You bought it in a shop on level 2 of the Orcish Mines)

   Slay+3:    It affects your accuracy & damage with ranged weapons and melee
   (+3).
   Will+:     It increases your willpower.
   SInv:      It lets you see invisible.
 V - a +2 pair of boots of rampaging (worn)
Magical Staves
 m - the staff "Uscheozi" (weapon) {rElec Str+3 Air}
   (You found it on level 3 of the Vaults)

   [staff of air]

   Base accuracy: +5 Base damage: 5 Base attack delay: 1.2 This weapon's minimum
   attack delay (0.6) is reached at skill level 12.
   Str+3:     It affects your strength (+3).
   rElec:     It insulates you from electricity.
   Air:       It increases the power of your Air spells.
   It falls into the 'Staves' category.
   It is a one-handed weapon.
 Z - the staff "Qeplajeck" {rF+ rN+ Stlth+ Fire}
   (You found it on level 3 of the Elven Halls)

   [staff of fire]

   Base accuracy: +5 Base damage: 5 Base attack delay: 1.2 This weapon's minimum
   attack delay (0.6) is reached at skill level 12.
   rF+:       It protects you from fire.
   rN+:       It protects you from negative energy.
   Stlth+:    It makes you more stealthy.
   Fire:      It increases the power of your Fire spells.
   It falls into the 'Staves' category.
   It is a one-handed weapon.
Jewellery
 g - a ring of wizardry
 l - the ring of Xiykh (right hand) {rF+ rC+ Int+3 Dex+6 Stlth+}
   (You took it off an orc warrior on level 5 of the Vaults)

   [ring of protection from fire]

   Int+3:     It affects your intelligence (+3).
   Dex+6:     It affects your dexterity (+6).
   rF+:       It protects you from fire.
   rC+:       It protects you from cold.
   Stlth+:    It makes you more stealthy.
 z - the amulet of the Singing Oracle (around neck) {rN+ Regen+ Str-4 Dex+7}
   (You took it off a vault warden on level 5 of the Vaults)

   [amulet of regeneration]

   Str-4:     It affects your strength (-4).
   Dex+7:     It affects your dexterity (+7).
   rN+:       It protects you from negative energy.
   Regen+:    It increases your rate of health regeneration.
 T - the ring of Fimoko (left hand) {rF+ rC+ Str+4 Stlth-}
   (You found it in a Gauntlet)

   [ring of protection from fire]

   Str+4:     It affects your strength (+4).
   rF+:       It protects you from fire.
   rC+:       It protects you from cold.
   Stlth-:    It makes you less stealthy.
Wands
 d - a wand of digging (11)
 e - a wand of paralysis (71)
 h - a wand of acid (47)
 i - a wand of iceblast (30)
 y - a wand of mindburst (11)
Scrolls
 f - 6 scrolls of amnesia
 k - 8 scrolls of enchant weapon
 x - 4 scrolls of brand weapon
 D - 4 scrolls of blinking
 E - 7 scrolls of fear
 F - 12 scrolls of fog
 K - 9 scrolls of immolation
 P - 9 scrolls of poison
 W - 3 scrolls of enchant armour
 X - 7 scrolls of revelation {@r4}
 Y - 19 scrolls of teleportation {@r3}
Potions
 p - 12 potions of enlightenment
 A - 3 potions of attraction
 B - 7 potions of brilliance
 C - 5 potions of cancellation
 G - 5 potions of ambrosia
 H - 5 potions of haste
 J - 14 potions of curing {@q1}
 M - 7 potions of might
 N - 9 potions of heal wounds {@q2}
 Q - 5 potions of magic
 R - 7 potions of resistance
 U - 5 potions of mutation
Miscellaneous
 r - a phial of floods
 s - a tin of tremorstones (2/2)
 v - a lightning rod (4/4)


   Skills:
 - Level 13.5 Fighting
 - Level 12.0 Staves
 - Level 14.0 Armour
 - Level 15.5 Dodging
 - Level 8.0 Shields
 + Level 19.6 Spellcasting
 - Level 24.0 Conjurations
 - Level 7.8 Ice Magic
 + Level 26.3 Air Magic
 - Level 12.0 Evocations


You had 22 spell levels left.
You knew the following spells:

 Your Spells              Type           Power      Damage    Failure   Level
a - Chain Lightning       Conj/Air       68%        3d90      7%          9
e - Maxwell's Capacitive  Air            69%        ∞         1%          8
q - Ozocubu's Armour      Ice            68%        N/A       1%          3
r - Swiftness             Air            100%       N/A       0%          3
s - Airstrike             Air            69%        2d(10-26) 0%          4
v - Plasma Beam           Fire/Air       53%        2x1d68    1%          6
x - Arcjolt               Conj/Air       68%        1d78      0%          5
y - Irradiate             Conj/Tmut      40%        3d25      1%          5

Your spell library contained the following spells:

 Spells                   Type           Power      Damage    Failure   Level
 Kiss of Death            Conj/Necr      100%       2d13      0%          1
 Magic Dart               Conj           100%       1d8       0%          1
 Shock                    Conj/Air       100%       1d9       0%          1
 Poisonous Vapours        Pois/Air       100%       N/A       0%          2
 Searing Ray              Conj           100%       2d8       0%          2
 Static Discharge         Conj/Air       100%       3-8/arc   0%          2
 Hailstorm                Conj/Ice       92%        3d18      0%          3
 Mephitic Cloud           Conj/Pois/Air  100%       N/A       0%          3
 Iskenderun's Battlesphe  Conj           100%       2d15      0%          5
 Conjure Ball Lightning   Conj/Air       68%        3x3d25    0%          6
 Apportation              Tloc           60%        N/A       1%          1
 Freeze                   Ice            100%       1d10      1%          1
 Slow                     Hex            100%       N/A       1%          1
 Sting                    Tmut/Pois      100%       1d8       1%          1
 Ensorcelled Hibernation  Hex/Ice        100%       N/A       1%          2
 Momentum Strike          Conj/Tloc      100%       3d10      1%          2
 Dazzling Flash           Conj/Hex       100%       N/A       1%          3
 Frozen Ramparts          Ice            100%       1d16      1%          3
 Brom's Barrelling Bould  Conj/Erth      81%        2d9       1%          4
 Flame Wave               Conj/Fire      81%        2d18      1%          4
 Fulminant Prism          Conj/Hex       40%        3d19      1%          4
 Sticky Flame             Conj/Fire      81%        2d9       1%          4
 Vhi's Electric Charge    Tloc/Air       100%       N/A       1%          4
 Fireball                 Conj/Fire      40%        3d16      1%          5
 Freezing Cloud           Conj/Ice/Air   61%        6-21      1%          5
 Silence                  Hex/Air        53%        N/A       1%          5
 Orb of Destruction       Conj           54%        9d14      1%          7
 Starburst                Conj/Fire      40%        6d12      2%          6
 Blink                    Tloc           60%        N/A       3%          2
 Jinxbite                 Hex            60%        N/A       3%          2
 Lesser Beckoning         Tloc           60%        N/A       3%          2
 Sublimation of Blood     Necr           30%        N/A       3%          2
 Confusing Touch          Hex            30%        N/A       6%          3
 Gell's Gravitas          Tloc           30%        N/A       6%          3
 Inner Flame              Hex/Fire       30%        N/A       6%          3
 Sigil of Binding         Hex            30%        N/A       6%          3
 Teleport Other           Tloc           30%        N/A       6%          3
 Vampiric Draining        Necr           30%        2d8       6%          3
 Volatile Blastmotes      Fire/Tloc      60%        2d15      6%          3
 Metabolic Englaciation   Hex/Ice        26%        N/A       11%         5
 Anguish                  Hex/Necr       15%        N/A       19%         4
 Cause Fear               Hex            15%        N/A       19%         4
 Dimensional Bullseye     Hex/Tloc       15%        N/A       19%         4
 Dispel Undead            Necr           30%        3d14      19%         4
 Manifold Assault         Tloc           30%        N/A       19%         4
 Olgreb's Toxic Radiance  Pois           30%        N/A       19%         4
 Petrify                  Tmut/Erth      30%        N/A       19%         4
 Agony                    Necr           30%        N/A       47%         5
 Alistair's Intoxication  Tmut/Pois      20%        N/A       47%         5
 Borgnjor's Vile Clutch   Necr/Erth      15%        N/A       47%         5
 Lee's Rapid Deconstruct  Erth           15%        3d10*     47%         5
 Yara's Violent Unravell  Hex/Tmut       15%        3d8       47%         5
 Dispersal                Tloc           15%        N/A       96%         6
 Enfeeble                 Hex            15%        N/A       100%        7
 Borgnjor's Revivificati  Necr           15%        N/A       100%        8
 Disjunction              Tloc           15%        N/A       100%        8
 Death's Door             Necr           15%        N/A       100%        9
 Summon Lightning Spire   Summ/Air       Unusable   N/A       N/A         4
 Call Imp                 Summ           Unusable   N/A       N/A         2
 Summon Ice Beast         Ice/Summ       Unusable   N/A       N/A         4
 Animate Armour           Summ/Erth      Unusable   N/A       N/A         4
 Animate Dead             Necr           Unusable   N/A       N/A         4
 Simulacrum               Ice/Necr       Unusable   N/A       N/A         6
 Death Channel            Necr           Unusable   N/A       N/A         6
 Haunt                    Necr/Summ      Unusable   N/A       N/A         7

Dungeon Overview and Level Annotations

Branches:
Dungeon (15/15)            Temple (0/1) D:6            Lair (5/5) D:11
  Swamp (4/4) Lair:2        Snake (4/4) Lair:3        Slime (5/5) Lair:5
    Orc (2/2) D:12            Elf (3/3) Orc:2        Vaults (5/5) D:13
  Crypt (0/3) Vaults:2     Depths (4/4) D:15            Zot (5/5) Depths:4
  Sewer (visited)          Bailey (visited)          WizLab (visited)
Gauntlet (visited)

Altars:
Ashenzari
Cheibriados
Dithmenos
Kikubaaqudgha
Makhleb
Ru
Trog
Uskayaw
Zin
The Shining One

Shops:
D:15 (   Orc:1 *   Orc:2 [![!   Elf:1 [   Elf:2 [*   Vaults:1 [(   Vaults:2 (
Vaults:5 (

Portals:
Hell: Depths:1 Depths:2 Depths:3 Depths:4
Abyss: Depths:3
Pandemonium: Depths:1 Depths:2
Ziggurat: Depths:1

Annotations:
D:8 Jadoobi's ghost, novice MiBe


Innate Abilities, Weirdness & Mutations

You are frail. (-10% HP)
You occasionally shout uncontrollably at your foes.
You cannot be stealthy.
You are hated by all.
You are sensitive to extremes of temperature. (rF-, rC-)
You cannot voluntarily change form.
You possess an exceptional clarity of mind.
Your natural rate of healing is unusually fast.
Potions are less effective at restoring your health.


Message History

There is a stone staircase leading down, spattered with blood here.
A demonspawn black sun, a soul eater and a demonspawn warmonger come into view.
The demonspawn warmonger is wielding a +4 heavy battleaxe and wearing a +0 plate armour of fire resistance.
The demonspawn warmonger shouts!
You redirect the demonspawn black sun's attack!
There is a stone staircase leading up here.
The demonspawn black sun mumbles some strange prayers to Kikubaaqudgha against you.
You redirect the demonspawn warmonger's attack!
You climb upwards.
There is a stone staircase leading down here.
What level of the Dungeon? (default 1, ? - help)
You see here a +0 ring mail.
There is a stone staircase leading up here.
You climb upwards.
There is a stone staircase leading down here.
There is a stone staircase leading up here.
You climb upwards.
There is a stone staircase leading down here.
Magic restored.
There is a stone staircase leading up here.
You climb upwards.
There is a stone staircase leading down here.
An Orb Guardian comes into view.
There is a stone staircase leading up here.
Casting: Chain Lightning (dangerous; 7% risk of failure)
Confirm with . or Enter, or press ? or * to list all spells.
You feel a surge of power! Lightning arcs from your hands!
The bolt of lightning hits the Orb Guardian!!!!!
You kill the Orb Guardian!
The bolt of lightning hits you. You resist.
You hear a shout!
What level of the Dungeon? (default 1, ? - help)
You climb upwards.
HP restored.
There is a stone staircase leading down here.
There is a stone staircase leading up here.
You climb upwards.
There is a stone staircase leading down here.
There is a stone staircase leading down here.
There is a staircase leading out of the dungeon here.
You have escaped!

.......# #####.####
##.....##### #.......#
..#........# #.......#
#.#........# ########
#.......##
#.#####....###......##
#.......#. #.##
##....##........###.###.##..
...# #............⌠..##..#
#.##.# ...#
#...............##.## #.##.#
...# #.....#..∩.@>......#
#.#..# ...#
#.....#.........#.#####...##
...# #.....#......⌠....#
#....## #'##
#.....##........#####.#.##
#'####.....###......#####..#.#
....##.........6.#......#.##.#
....############..........##.#
....'...........2....>...###.#
....##############......## #.#


You could see a demonspawn blood saint and a blizzard demon (wandering).

Vanquished Creatures
  the Royal Jelly (Slime:5)
  5 dread liches
  Mennas (Depths:3)
  2 orbs of fire (Zot:5)
  2 juggernauts (Depths:3)
  Josephina (Zot:2)
  Sojobo (Depths:4)
  The ghost of Ahpoh the Hoplite, a veteran BaFi of Cheibriados (Depths:3)
  Vv (Zot:4)
  Parghit (Zot:2)
  7 Killer Klowns
  Bai Suzhen (Depths:1)
  Margery (Depths:4)
  7 golden dragons
  2 bone dragons
  the Enchantress (Depths:4)
  Norris (Depths:1)
  3 electric golems
  A hellephant (Depths:3)
  Jorgrun (Orc:1)
  Rupert (D:13)
  11 tentacled monstrosities
  Mlioglotl (Snake:2)
  25 Orb Guardians
  Asterion (Depths:1)
  2 deep elf master archers (Elf:3)
  4 liches
  8 deep elf blademasters
  An eldritch tentacle (WizLab)
  5 titans
  10 death cobs
  7 quicksilver dragons
  7 sphinxes
  A sphinx (shapeshifter) (Vaults:5)
  Kirke (D:15)
  3 tentacled starspawn (WizLab)
  17 acid blobs
  11 shadow dragons
  3 thorn hunters (Swamp:4)
  An ancient champion (Depths:2)
  6 tengu reavers
  15 rockslimes
  5 draconian monks
  6 nagarajas
  2 draconian knights
  17 storm dragons
  11 azure jellies
  17 vault wardens
  4 deep elf sorcerers (Elf:3)
  12 fire giants
  A balrug (Depths:4)
  9 frost giants
  4 draconian scorchers
  A ghost moth (Zot:4)
  9 draconian shifters
  2 deep elf elementalists (Elf:3)
  13 quicksilver oozes
  2 draconian annihilators (Zot:1)
  3 orc warlords
  7 spriggan defenders
  21 ironbound preservers
  3 draconian stormcallers
  4 war gargoyles
  The ghost of RandomusNamus the Basher, a journeyman TrFi of Okawaru (D:13)
  8 ironbound thunderhulks
  A formless jellyfish (Vaults:3)
  22 stone giants
  A hydra skeleton (Swamp:4)
  7 vampire knights
  23 very ugly things
  5 eleionomae
  6 deep elf annihilators
  2 deep elf demonologists
  3 bunyips
  3 green draconians
  A minotaur (Gauntlet)
  15 yellow draconians
  2 lorocyprocas
  9 red draconians
  8 black draconians
  8 dire elephants
  7 spark wasps
  Snorg (Lair:3)
  5 white draconians
  7 deep elf death magi
  5 purple draconians
  13 ettins
  A green death (Depths:2)
  2 shambling mangroves
  11 fire dragons
  20 yaktaur captains
  4 deep elf high priests
  4 entropy weavers
  Harold (Lair:2)
  A hell beast (Depths:2)
  7 great orbs of eyes
  29 vault guards (Vaults:5)
  11 ice dragons
  9 salamander tyrants
  2 ghost crabs (Swamp:4)
  6 anacondas
  15 hydras
  7 ironbound frosthearts
  7 alligators
  5 centaur warriors
  8 spriggan air magi
  A peacekeeper (Vaults:2)
  3 ogre magi
  4 boulder beetles
  27 dancing weapons
  9 two-headed ogres
  2 death knights (Vaults:2)
  4 catoblepae
  A hell hog (Depths:2)
  A satyr (shapeshifter) (Vaults:5)
  7 tengu warriors
  9 deep troll shamans
  A demonic crawler (WizLab)
  15 naga warriors
  2 occultists
  A vampire mage (Depths:2)
  3 deep troll earth magi
  11 naga sharpshooters
  3 thrashing horrors (WizLab)
  9 spriggan berserkers
  12 death yaks (Lair:5)
  Urug (Lair:4)
  2 orc high priests (Orc:2)
  15 shock serpents
  A storm dragon zombie (D:15)
  A soul eater (Depths:1)
  7 hell knights
  Nergalle (D:10)
  20 deep elf knights
  4 sun demons
  Sonja (Lair:2)
  5 skysharks
  A shadow wraith (Vaults:5)
  3 skeletal warriors
  6 goliath frogs
  2 salamander mystics (Snake:4)
  A fire crab (Gauntlet)
  4 iron trolls
  A death drake (Swamp:3)
  5 spriggan druids
  11 swamp dragons
  6 phantasmal warriors
  A shadow demon (D:12)
  5 spectral hydras (Swamp:4)
  21 ironbound convokers
  61 deep trolls
  An obsidian statue (WizLab)
  12 deep elf archers
  2 lindwurms (Vaults:2)
  2 naga ritualists
  Pikel (D:5)
  4 glowing orange brains
  4 flayed ghosts
  13 orc knights
  6 arcanists
  23 deep elf zephyrmancers
  32 deep elf pyromancers
  3 bog bodies
  8 necromancers
  35 ugly things
  A glowing shapeshifter (Vaults:5)
  A salamander (shapeshifter) (D:15)
  18 salamanders
  11 large abominations
  7 shining eyes
  4 oklob plants
  7 cyclopes
  2 fauns (shapeshifter)
  6 mana vipers
  A frost giant zombie (Depths:1)
  10 elephants
  6 manticores
  3 orc sorcerers
  A rust devil (Gauntlet)
  26 moths of wrath
  8 will-o-the-wisps
  2 eyes of devastation
  19 naga magi
  An apocalypse crab (WizLab)
  42 black mambas
  2 smoke demons
  Joseph (D:9)
  6 guardian serpents
  An unseen horror (Depths:3)
  2 gargoyles
  23 vault sentinels
  An unseen horror (shapeshifter) (D:13)
  5 rime drakes
  A hellion (Depths:1)
  9 cane toads
  37 yaktaurs
  3 freezing wraiths
  9 komodo dragons
  An efreet (D:15)
  8 trolls
  3 tengu conjurers
  An ancient zyme (WizLab)
  4 hydra zombies (Swamp:4)
  A polar bear (Lair:3)
  5 death drake zombies (Swamp:4)
  A meliai (shapeshifter) (Vaults:5)
  9 tyrant leeches
  24 hornets
  A queen bee (D:11)
  A hellwing (Depths:1)
  3 meliai (D:14)
  4 glass eyes
  A tarantella (shapeshifter) (Depths:2)
  6 saltlings (Orc:2)
  A death drake skeleton (Swamp:4)
  13 blink frogs
  9 dream sheep
  93 slime creatures
  2 spriggan zombies
  An air elemental (Elf:3)
  A culicivora (shapeshifter) (Vaults:5)
  4 wyverns
  2 shadows
  2 vampires
  19 spriggans
  A spriggan skeleton (Depths:1)
  4 water elementals
  4 fire elementals
  3 humans (D:15)
  68 yaks
  4 ynoxinuls
  7 fire bats
  3 hogs (D:15)
  5 golden eyes
  4 vampire mosquitoes
  A steam dragon (shapeshifter) (D:13)
  13 basilisks
  A green draconian simulacrum (Zot:2)
  Grum (D:10)
  4 steam dragons
  A chaos spawn (Depths:3)
  A yellow draconian simulacrum (Zot:2)
  3 redbacks (Vaults:4)
  Menkaure (D:7)
  13 swamp worms
  31 nagas
  An acid dragon (D:11)
  3 spatial vortices (WizLab)
  4 wargs
  21 water moccasins
  A hydra simulacrum (Swamp:4)
  A hell hound (Gauntlet)
  A sky beast (D:6)
  5 swamp drakes
  3 black bears
  2 moth of wrath simulacra (Zot:2)
  28 orc warriors
  4 small abominations
  An ice beast (D:6)
  18 centaurs
  A boggart (WizLab)
  19 wolves
  11 ogres
  A phantom (D:6)
  A lemure (D:5)
  2 human skeletons (WizLab)
  3 elf zombies (Elf:2)
  14 kobold brigands
  6 earth elementals
  9 bullfrogs
  11 gnoll sergeants
  A scorpion (D:5)
  6 wights
  19 killer bees
  12 electric eels
  7 howler monkeys
  2 lava snakes (D:12)
  A quasit (WizLab)
  5 hounds
  9 orc priests
  7 gnoll boudas
  3 jellies
  3 iron imps (Gauntlet)
  Jessica (D:3)
  4 iguanas
  Natasha (D:2)
  Terence (D:3)
  3 sleepcaps
  15 orc wizards
  Ijyb (D:3)
  8 adders
  40 gnolls
  A river rat (Sewer)
  A shadow imp (D:8)
  6 ufetubi
  6 worms
  2 dart slugs
  59 orcs
  4 bats
  13 endoplasms
  3 giant cockroaches
  4 goblins
  10 hobgoblins
  2 jackals (D:1)
  3 quokkas
  9 ball pythons
  24 kobolds
  10 rats
  A spectral weapon (Depths:1)
  2 starspawn tentacles (WizLab)
2254 creatures vanquished.

Vanquished Creatures (others)
  2 Orb Guardians (Zot:5)
  Aizul (Snake:2)
  An azure jelly (Slime:3)
  A very ugly thing (Depths:2)
  A shambling mangrove (Swamp:4)
  2 hydras
  An ironbound frostheart (Vaults:2)
  2 dancing weapons
  A tengu warrior (Depths:3)
  A skyshark (Depths:1)
  A lindwurm (Vaults:2)
  A spriggan druid (Swamp:3)
  A naga ritualist (Snake:3)
  2 deep elf pyromancers
  A deep elf zephyrmancer (Elf:3)
  An ugly thing (D:15)
  A black mamba (Snake:4)
  An unseen horror (Depths:3)
  2 yaktaurs
  A cane toad (Lair:3)
  3 bloated husks
  A hornet (Swamp:4)
  A dream sheep (Lair:5)
  A slime creature (Vaults:1)
  A culicivora (Vaults:3)
  A wyvern (Lair:4)
  A fire bat (Depths:2)
  3 nagas
  A swamp drake (Swamp:4)
  A centaur (D:13)
  An earth elemental (Elf:1)
  A wight (D:9)
  An orc wizard (D:9)
  A small abomination (Depths:3)
  A kobold (D:9)
  14 foxfires
  9 fulminant prisms (Elf:3)
  6 starspawn tentacles (WizLab)
73 creatures vanquished.

Grand Total: 2327 creatures vanquished

Notes
Turn   | Place    | Note
-------+----------+-------------------------------------------
     0 | D:1      | Forgeling the Human Ice Elementalist began the quest for
                  | the Orb.
     0 | D:1      | Reached XP level 1. HP: 13/13 MP: 3/3
   134 | D:1      | Reached XP level 2. HP: 16/19 MP: 3/5
   800 | D:1      | Reached XP level 3. HP: 24/24 MP: 3/6
  1123 | D:2      | Reached skill level 5 in Ice Magic
  1175 | D:2      | Learned a level 3 spell: Frozen Ramparts
  1420 | D:2      | Reached XP level 4. HP: 26/30 MP: 7/7
  1596 | D:2      | Noticed Natasha
  1599 | D:2      | Killed Natasha
  1999 | D:3      | Learned a level 3 spell: Ozocubu's Armour
  2020 | D:3      | Noticed Jessica
  2073 | D:3      | Killed Jessica
  2074 | D:3      | Reached XP level 5. HP: 26/35 MP: 3/8
  2157 | D:3      | Noticed Terence
  2396 | D:3      | Noticed Ijyb
  2414 | D:3      | Killed Ijyb
  2513 | D:3      | Killed Terence
  2514 | D:3      | Reached XP level 6. HP: 34/41 MP: 0/9
  2587 | D:3      | Found a faded altar of an unknown god.
  2654 | D:3      | Prayed at the altar of an unknown god.
  2654 | D:3      | Became a worshipper of Ru the Awakened
  2684 | D:3      | Gained mutation: You are hated by all. [Ru sacrifice]
  2684 | D:3      | Reached * piety under Ru
  2684 | D:3      | Reached ** piety under Ru
  3086 | D:4      | Noticed a black bear
  3094 | D:4      | Killed a black bear
  3095 | D:4      | Reached XP level 7. HP: 35/46 MP: 2/11
  3970 | D:5      | Entered Level 5 of the Dungeon
  4009 | D:5      | Noticed a steam dragon
  4083 | D:5      | Noticed a water moccasin
  4088 | D:5      | Killed a water moccasin
  4089 | D:5      | Reached skill level 1 in Fighting
  4089 | D:5      | Reached skill level 1 in Shields
  4089 | D:5      | Reached skill level 1 in Evocations
  4129 | D:5      | Reached XP level 8. HP: 46/56 MP: 2/12
  4502 | D:5      | Noticed Pikel
  4512 | D:5      | Paralysed by Pikel for 5 turns
  4514 | D:5      | Killed Pikel
  4826 | D:6      | Found a glowing drain.
  4840 | Sewer    | Entered a sewer
  4883 | Sewer    | Reached XP level 9. HP: 64/65 MP: 12/15
  5062 | Sewer    | Gained mutation: You cannot be stealthy. [Ru sacrifice]
  5179 | Sewer    | Reached skill level 5 in Spellcasting
  5756 | D:6      | Reached skill level 5 in Fighting
  5973 | D:6      | Found a staircase to the Ecumenical Temple.
  6155 | D:6      | Found a shadowy altar of Dithmenos.
  6155 | D:6      | Found a sacrificial altar of Ru.
  6220 | D:6      | You fall into a shaft and drop 1 floor!
  6352 | D:7      | Reached skill level 5 in Evocations
  6356 | D:7      | Reached XP level 10. HP: 76/76 MP: 12/19
  6616 | D:6      | Found a broken altar of Ashenzari.
  6623 | D:6      | Found a glowing silver altar of Zin.
  7109 | D:7      | Noticed Menkaure
  7110 | D:7      | Killed Menkaure
  7429 | D:8      | Identified the +5 flail of the Postmodern Places {venom,
                  | rC+ Str+3}
  7434 | D:8      | Noticed Jadoobi's ghost (novice MiBe)
  7437 | D:8      | Found a transporter.
  7444 | D:8      | Noticed an oklob plant
  7721 | D:8      | Gained mutation: You are frail. (-10% HP) [Ru sacrifice]
  7721 | D:8      | Reached *** piety under Ru
  8449 | D:8      | Found a transporter.
  8793 | D:9      | Found a transporter.
  8901 | D:9      | Noticed Joseph
  8909 | D:9      | Killed Joseph
  8945 | D:9      | Found a transporter.
  9103 | D:9      | Noticed a two-headed ogre
  9123 | D:9      | Killed a two-headed ogre
  9124 | D:9      | Reached XP level 11. HP: 77/77 MP: 12/21
  9136 | D:9      | Found a flagged portal.
  9146 | Bailey   | Entered a bailey
  9697 | Bailey   | Identified the +1 scale mail of the Hunter {Fly rC++ Int-2
                  | Dex+8}
 10253 | D:9      | Gained mutation: You are sensitive to extremes of
                  | temperature. (rF-, rC-) [Ru sacrifice]
 10253 | D:9      | Reached **** piety under Ru
 10253 | D:9      | Reached ***** piety under Ru
 10357 | D:9      | Found an ancient bone altar of Kikubaaqudgha.
 10715 | D:10     | Entered Level 10 of the Dungeon
 10838 | D:10     | Noticed Nergalle
 10965 | D:10     | Killed Nergalle
 10966 | D:10     | Reached skill level 10 in Spellcasting
 11162 | D:10     | Noticed Grum
 11173 | D:10     | Killed Grum
 11543 | D:10     | Reached XP level 12. HP: 84/85 MP: 22/26
 12251 | D:11     | Reached skill level 10 in Fighting
 12623 | D:11     | Found a staircase to the Lair.
 13590 | D:11     | Gained mutation: You occasionally shout uncontrollably at
                  | your foes. [Ru sacrifice]
 13782 | D:5      | Reached skill level 1 in Staves
 13933 | D:8      | Reached skill level 5 in Staves
 14279 | D:9      | Identified the +0 cloak "Arphunuor" {Harm Str+3 Stlth-}
 14397 | Lair:1   | Entered Level 1 of the Lair of Beasts
 14834 | Lair:1   | You fall into a shaft and drop 1 floor!
 14855 | Lair:1   | Reached XP level 13. HP: 91/95 MP: 17/27
 15426 | Lair:2   | Noticed Sonja
 15430 | Lair:2   | Killed Sonja
 15433 | Lair:2   | Noticed Harold
 15603 | Lair:2   | Killed Harold
 15878 | Lair:2   | Found a staircase to the Swamp.
 15976 | Lair:2   | Noticed a seven-headed hydra
 15991 | Lair:2   | Killed a seven-headed hydra
 16672 | Lair:3   | Gained mutation: You cannot voluntarily change form. [Ru
                  | sacrifice]
 16672 | Lair:3   | Reached ****** piety under Ru
 16777 | Lair:3   | Reached skill level 10 in Evocations
 17031 | Lair:3   | Found a staircase to the Snake Pit.
 17119 | Lair:3   | Noticed Snorg
 17129 | Lair:3   | Killed Snorg
 17196 | Lair:3   | Reached skill level 1 in Armour
 18135 | Lair:4   | Reached skill level 5 in Shields
 18139 | Lair:4   | Reached skill level 5 in Dodging
 18544 | Lair:4   | Noticed a six-headed hydra
 18552 | Lair:4   | Killed a six-headed hydra
 18593 | Lair:4   | Noticed Urug
 18613 | Lair:4   | Killed Urug
 18696 | Lair:4   | Reached XP level 14. HP: 101/101 MP: 23/30
 19266 | Lair:5   | Entered Level 5 of the Lair of Beasts
 19267 | Lair:5   | Identified the +3 buckler "Weur" {rF+ Dex+3 Stlth+}
 19927 | Lair:5   | Found a staircase to the Slime Pits.
 19996 | Lair:5   | Reached skill level 10 in Staves
 20236 | Lair:5   | Identified the +1 chain mail "Xaenuv" {rPois rF+}
 21135 | Lair:5   | Reached XP level 15. HP: 104/107 MP: 26/31
 21303 | Lair:5   | Identified the +0 ring mail "Qumou" {Str+3}
 21665 | Lair:5   | Identified the +0 scale mail of Fortitude {rN+ rCorr Str+3}
 23380 | D:12     | Found a staircase to the Orcish Mines.
 23912 | Orc:1    | Entered Level 1 of the Orcish Mines
 23912 | Orc:1    | Found a burning altar of Makhleb.
 24197 | Orc:1    | Found Kaclu's General Store.
 24368 | Orc:2    | Entered Level 2 of the Orcish Mines
 24465 | Orc:1    | Noticed Jorgrun
 24607 | Orc:2    | Noticed an orc warlord
 24641 | Orc:2    | Killed an orc warlord
 25596 | Orc:2    | Reached skill level 10 in Dodging
 26218 | Orc:2    | Found a staircase to the Elven Halls.
 26484 | Orc:2    | Noticed a stone giant
 26498 | Orc:2    | Killed a stone giant
 26498 | Orc:2    | Found Baestri's Distillery.
 27058 | Orc:2    | Found Lilutire's Distillery.
 27060 | Orc:2    | Found Buadustri's Antique Armour Shop.
 27085 | Orc:2    | Found Impyorch's Antique Armour Shoppe.
 27129 | Orc:2    | Bought a potion of experience for 650 gold pieces
 27129 | Orc:2    | Reached XP level 16. HP: 117/117 MP: 31/33
 27130 | Orc:2    | Bought a potion of heal wounds for 65 gold pieces
 27149 | Orc:2    | Bought the +0 mask of the Dragon {Will+ Slay+3 SInv} for
                  | 1068 gold pieces
 27149 | Orc:2    | Found the +0 mask of the Dragon {Will+ Slay+3 SInv}
 27162 | Orc:2    | Bought a bloodstained leather armour for 224 gold pieces
 27162 | Orc:2    | Identified the +1 leather armour of Kirainiag {rC+ Int-5
                  | Stlth+} (You bought it in a shop on level 2 of the Orcish
                  | Mines)
 27571 | D:13     | Reached XP level 17. HP: 64/123 MP: 32/34
 27934 | D:13     | Found a gate to the Vaults.
 27947 | D:13     | Noticed Rupert
 27965 | D:13     | Reached skill level 5 in Armour
 27972 | D:13     | Killed Rupert
 28821 | D:14     | Learned a level 5 spell: Irradiate
 28826 | D:14     | Learned a level 4 spell: Fulminant Prism
 28874 | D:14     | Reached skill level 1 in Conjurations
 29207 | D:14     | Found a runed translucent gate.
 29207 | D:14     | Found a runed translucent gate.
 29208 | D:14     | Found a runed translucent gate.
 29208 | D:14     | Noticed RandomusNamus's ghost (journeyman TrFi)
 29208 | D:14     | Noticed an acid blob
 29840 | D:15     | Entered Level 15 of the Dungeon
 29925 | D:15     | Found Timyts's Weapon Emporium.
 29998 | D:15     | Identified the +10 rapier of Purpose {flame, rF+ Dex-2
                  | SInv}
 30010 | D:15     | Found a gate leading to a gauntlet.
 30023 | Gauntlet | Entered a Gauntlet
 30023 | Gauntlet | Found a transporter.
 30023 | Gauntlet | Found a transporter.
 30023 | Gauntlet | Found a transporter.
 30107 | Gauntlet | Found a transporter.
 30108 | Gauntlet | Found a transporter.
 30111 | Gauntlet | Found a transporter.
 30119 | Gauntlet | Found a transporter.
 30120 | Gauntlet | Found a transporter.
 30121 | Gauntlet | Found a transporter.
 30122 | Gauntlet | Found a transporter.
 30131 | Gauntlet | Found a transporter.
 30133 | Gauntlet | Found a transporter.
 30315 | Gauntlet | Reached skill level 5 in Conjurations
 30424 | Gauntlet | Identified the +8 scimitar of the Purse {venom, Int+3}
 30512 | Gauntlet | Identified the ring of Fimoko {rF+ rC+ Str+4 Stlth-}
 30631 | D:15     | Learned a level 3 spell: Hailstorm
 30780 | D:15     | Found a glowing golden altar of the Shining One.
 31032 | D:15     | Found a staircase to the Depths.
 31168 | D:15     | Noticed Kirke
 31233 | D:15     | Killed Kirke
 32143 | D:15     | Found an ancient bone altar of Kikubaaqudgha.
 32497 | D:15     | Identified the +2 mace of the Wilderness {flame, rElec rF+}
 32835 | Orc:2    | Bought a dazzling robe for 182 gold pieces
 32835 | Orc:2    | Identified the +2 robe "Ciaghi" {rF+ Int+3} (You bought it
                  | in a shop on level 2 of the Orcish Mines)
 32864 | Orc:2    | Bought a runed helmet for 217 gold pieces
 33068 | Snake:1  | Entered Level 1 of the Snake Pit
 33683 | Snake:1  | Reached skill level 10 in Conjurations
 33813 | Snake:1  | Found a runed translucent door.
 34437 | Snake:1  | Reached XP level 18. HP: 109/129 MP: 24/35
 35736 | Snake:2  | Identified the serpent talisman of Ecvyr Lyu {Fly Str+2
                  | Slay-2}
 35736 | Snake:2  | Noticed Aizul
 35761 | Snake:2  | Killed Aizul
 35997 | Snake:2  | Noticed Mlioglotl
 36262 | Snake:2  | Killed Mlioglotl
 37400 | Snake:2  | Reached skill level 10 in Armour
 38693 | Snake:4  | Entered Level 4 of the Snake Pit
 40474 | Snake:4  | Reached XP level 19. HP: 131/132 MP: 30/36
 42967 | Snake:4  | Got a serpentine rune of Zot
 43374 | Orc:1    | Killed Jorgrun
 44510 | Swamp:1  | Entered Level 1 of the Swamp
 44684 | WizLab   | Identified the "Eholl"
 44684 | Depths:2 | Identified the of Ithrateu
 44684 | Depths:2 | Identified the "Jiyptyn Lui"
 44684 | Elf:1    | Entered Level 1 of the Elven Halls
 44700 | Elf:1    | Identified a scroll of acquirement
 45015 | Elf:1    | Acquired a +2 cloak of poison resistance
 45141 | Elf:1    | Found Zaluk's Armour Emporium.
 45849 | Elf:1    | Reached skill level 15 in Conjurations
 45855 | Elf:1    | Learned a level 5 spell: Arcjolt
 46718 | Elf:2    | Identified the "Osewk"
 46743 | Elf:2    | Found Befib's Assorted Antiques.
 47172 | Elf:2    | Reached XP level 20. HP: 139/140 MP: 34/38
 47870 | Elf:2    | Found Vucuw's Armour Emporium.
 48082 | Elf:2    | Found a huge runed translucent gate.
 48082 | Elf:2    | Found a huge runed translucent gate.
 48093 | Elf:2    | Found a huge runed translucent gate.
 48203 | Elf:2    | Found a huge runed translucent gate.
 48203 | Elf:2    | Found a huge runed translucent gate.
 49284 | Elf:3    | Entered Level 3 of the Elven Halls
 49706 | Elf:3    | Paralysed by an air elemental for 1 turns
 49712 | Elf:3    | Paralysed by an air elemental for 1 turns
 49715 | Elf:3    | Paralysed by an air elemental for 1 turns
 50649 | Elf:3    | Reached skill level 1 in Air Magic
 50837 | Elf:3    | Reached skill level 3 in Air Magic
 50842 | Elf:3    | Reached skill level 4 in Air Magic
 50846 | Elf:3    | Reached skill level 5 in Air Magic
 50884 | Elf:3    | Reached skill level 6 in Air Magic
 51381 | Elf:3    | Reached skill level 7 in Air Magic
 51624 | Elf:3    | Identified the staff "Feqetu" {rPois rF+++ Int-2 Dex-2
                  | Earth}
 51677 | Elf:3    | Reached XP level 21. HP: 142/146 MP: 22/39
 51821 | Elf:3    | Identified the +6 great sword of Gozag's Envy {heavy,
                  | Contam rN+ Str+3}
 51834 | Elf:3    | Identified the +0 leather armour of the Ego {rF+ Str+2}
 51844 | Elf:3    | Identified the +8 broad axe "Kesem" {venom, Str+4}
 51849 | Elf:3    | Identified the staff of Emougim {rPois Dex+2 Earth}
 51866 | Elf:3    | Found the +8 pair of quick blades "Gyre" and "Gimble"
                  | {protect}
 51924 | Elf:3    | Identified the +2 short sword of Wu Jian, Building {venom,
                  | rF+}
 51939 | Elf:3    | Identified the staff "Qeplajeck" {rF+ rN+ Stlth+ Fire}
 51941 | Elf:3    | Identified the ring "Ceprimek" {rF+ rN+}
 51954 | Elf:3    | Identified the staff of Terror {Stlth+ Conj}
 51977 | Elf:3    | Identified the amulet "Zireg" {Acrobat rC+}
 52088 | Elf:2    | Bought a +2 pair of gloves of dexterity for 344 gold pieces
 52118 | Elf:2    | Acquired the +4 helmet "Vudi" {Int+3}
 52548 | Lair:2   | Upgraded the game from 0.31-a0-963-ga325b2283a to
                  | 0.31-a0-965-g8a8ce12e04
 54810 | Swamp:3  | Reached skill level 15 in Dodging
 55098 | Swamp:4  | Entered Level 4 of the Swamp
 55303 | Swamp:4  | Reached skill level 8 in Air Magic
 55675 | Swamp:4  | Reached skill level 9 in Air Magic
 56250 | Swamp:4  | Got a decaying rune of Zot
 56284 | Swamp:4  | Reached XP level 22. HP: 152/153 MP: 24/40
 56679 | D:13     | Killed RandomusNamus's ghost
 56707 | Vaults:1 | Entered Level 1 of the Vaults
 56789 | Vaults:1 | Found Opletz's Antique Armour Shop.
 56793 | Vaults:1 | Bought a pair of runed boots for 157 gold pieces
 56793 | Vaults:1 | Bought a smoking leather armour for 147 gold pieces
 56793 | Vaults:1 | Identified the +2 leather armour of Hyxo Cieho {*Corrode
                  | Int+2 SInv} (You bought it in a shop on level 1 of the
                  | Vaults)
 56831 | Vaults:1 | Reached skill level 15 in Spellcasting
 56831 | Vaults:1 | Reached skill level 10 in Air Magic
 56836 | Vaults:1 | Learned a level 4 spell: Airstrike
 56855 | Vaults:1 | Learned a level 8 spell: Maxwell's Capacitive Coupling
 56948 | Vaults:1 | Found a magical portal.
 57016 | WizLab   | Entered The Roulette of Golubria
 57016 | WizLab   | Found a transporter.
 57019 | WizLab   | Found the +2 cloak of the Thief {*Fog Slay-2 SInv Stlth+}
 57019 | WizLab   | Found a corrupted altar of Lugonu.
 57128 | WizLab   | Found a transporter.
 57151 | WizLab   | Found a transporter.
 57198 | WizLab   | Found a transporter.
 57292 | WizLab   | Found a transporter.
 57292 | WizLab   | Found a transporter.
 57340 | WizLab   | Found a transporter.
 57391 | WizLab   | Found a corrupted altar of Lugonu.
 57394 | WizLab   | Found a transporter.
 57416 | WizLab   | Found a transporter.
 57428 | WizLab   | Found a transporter.
 57443 | WizLab   | Found a transporter.
 57739 | WizLab   | Found a transporter.
 57953 | WizLab   | Found a transporter.
 58010 | WizLab   | Identified the +0 cloak of the Shouting Gods {rF+ Will-
                  | Str+4 Dex+5}
 58062 | WizLab   | Found a transporter.
 58093 | WizLab   | Found a transporter.
 58093 | WizLab   | Found a transporter.
 58106 | WizLab   | Reached skill level 11 in Air Magic
 58169 | WizLab   | Found a transporter.
 58226 | WizLab   | Found a transporter.
 58270 | WizLab   | Found a transporter.
 58270 | WizLab   | Found a transporter.
 58585 | Vaults:1 | Reached skill level 12 in Air Magic
 58879 | Vaults:1 | Found Atuyzu's Weapon Boutique.
 59463 | Vaults:1 | Reached skill level 13 in Air Magic
 60600 | Vaults:2 | Reached skill level 14 in Air Magic
 61410 | Vaults:2 | Reached XP level 23. HP: 119/138 MP: 36/42
 61504 | Vaults:2 | Found a staircase to the Crypt.
 61513 | Vaults:2 | Found Alufra's Antique Weapon Emporium.
 61546 | Vaults:2 | Reached skill level 15 in Air Magic
 62783 | Vaults:3 | Reached skill level 16 in Air Magic
 64155 | Vaults:3 | Reached skill level 17 in Air Magic
 65029 | Vaults:3 | Identified the staff "Uscheozi" {rElec Str+3 Air}
 65247 | Vaults:4 | Reached skill level 18 in Air Magic
 66471 | Vaults:4 | Reached XP level 24. HP: 106/147 MP: 21/42
 66594 | Vaults:4 | Learned a level 6 spell: Plasma Beam
 66806 | Depths:1 | Entered Level 1 of the Depths
 66813 | Depths:1 | Noticed Bai Suzhen
 66817 | Depths:1 | Killed Bai Suzhen
 66903 | Depths:1 | Noticed Asterion
 66918 | Depths:1 | Killed Asterion
 67168 | Depths:1 | Noticed Norris
 67173 | Depths:1 | Killed Norris
 67174 | Depths:1 | Reached skill level 19 in Air Magic
 67340 | Depths:1 | Found a one-way gateway to a ziggurat.
 67345 | Depths:1 | Found a gateway to Hell.
 67817 | Depths:1 | Found a one-way gate leading to the halls of Pandemonium.
 69079 | Depths:2 | Found a hide-covered altar of Uskayaw.
 69080 | Depths:2 | Found a snail-covered altar of Cheibriados.
 69081 | Depths:2 | Found a snail-covered altar of Cheibriados.
 69081 | Depths:2 | Found a broken altar of Ashenzari.
 69563 | Depths:2 | Reached skill level 20 in Air Magic
 70507 | Depths:2 | Identified the +7 glaive of Fedhas's Reproof {antimagic,
                  | rF- rCorr Dex+3 Stlth+}
 70780 | Depths:3 | Noticed a juggernaut
 70780 | Depths:3 | Noticed a juggernaut
 70781 | Depths:3 | Noticed Ahpoh's ghost (veteran BaFi)
 70784 | Depths:3 | Found a transporter.
 70800 | Depths:3 | Reached skill level 21 in Air Magic
 70815 | Depths:3 | Found a transporter.
 70844 | Depths:3 | Reached XP level 25. HP: 139/152 MP: 35/43
 70852 | Depths:3 | Identified the +7 battleaxe of the Screaming Gods {drain,
                  | rElec}
 71120 | Depths:3 | Found a portal to a secret trove of treasure.
 71149 | Depths:3 | Found the +7 great mace "Firestarter" {flame, immolate,
                  | rFlCloud rF++}
 71183 | Depths:3 | You paid a toll of 7 scrolls of fear to enter a treasure
                  | trove
 71184 | Trove    | Identified the of Juirobo (Sif Muna gifted it to you in a
                  | treasure trove)
 71184 | Trove    | Entered a treasure trove
 71264 | Trove    | Identified the amulet of the Amoeba {Spirit Int+3}
 71266 | Trove    | Identified the amulet of Zewoodwa {Acrobat Str+2 Dex+3}
 71268 | Trove    | Identified the ring of the Clam {Ice *Slow rElec rN+ SInv}
 71845 | Depths:3 | Found a one-way gate to the infinite horrors of the Abyss.
 71901 | Depths:3 | Found a bloodstained altar of Trog.
 72059 | Depths:4 | Entered Level 4 of the Depths
 72151 | Depths:3 | Learned a level 9 spell: Chain Lightning
 72155 | Depths:3 | Learned a level 3 spell: Swiftness
 72421 | Depths:4 | Noticed Margery
 72424 | Depths:4 | Noticed Mennas
 72462 | Depths:3 | Killed Mennas
 72695 | Depths:4 | Killed Margery
 72920 | Depths:4 | Noticed Sojobo
 72924 | Depths:4 | Killed Sojobo
 73115 | Depths:4 | Noticed the Enchantress
 73122 | Depths:4 | Reached skill level 22 in Air Magic
 73122 | Depths:4 | Killed the Enchantress
 73612 | Depths:4 | Found a gate to the Realm of Zot.
 74840 | Depths:3 | Killed a juggernaut
 74841 | Depths:3 | Reached XP level 26. HP: 153/171 MP: 13/44
 74842 | Depths:3 | Killed Ahpoh's ghost
 74848 | Depths:3 | Killed a juggernaut
 75342 | Vaults:5 | Entered Level 5 of the Vaults
 75347 | Vaults:5 | Reached skill level 23 in Air Magic
 76934 | Vaults:5 | Identified the ring of Xiykh {rF+ rC+ Int+3 Dex+6 Stlth+}
 76944 | Vaults:5 | Identified the amulet of the Singing Oracle {rN+ Regen+
                  | Str-4 Dex+7}
 77244 | Vaults:5 | Reached skill level 24 in Air Magic
 77542 | Vaults:5 | Gained mutation: You have hidden genetic potential.
                  | [mutagenic glow]
 77941 | Vaults:5 | Reached XP level 27. HP: 119/171 MP: 33/45
 78279 | Vaults:5 | Identified the +10 falchion of the Tomato {freeze, rC+
                  | rCorr}
 78526 | Vaults:5 | Noticed a dread lich
 78531 | Vaults:5 | Killed a dread lich
 78587 | Vaults:5 | Got a silver rune of Zot
 78672 | Vaults:5 | Identified the +9 flail of the Arena {drain, *Rage rElec
                  | rCorr SInv}
 78702 | Vaults:5 | Found Hatz's Weapon Shoppe.
 79302 | Zot:3    | Identified the of Pushral
 79302 | Zot:3    | Identified the "Kaqo"
 79302 | Slime:1  | Entered Level 1 of the Pits of Slime
 79481 | Slime:2  | Gained mutation: You sometimes lose your temper in combat.
                  | [a shining eye]
 80150 | Slime:5  | Entered Level 5 of the Pits of Slime
 80181 | Slime:5  | Gained mutation: You are vulnerable to cold. (rC-) [a
                  | shining eye]
 80323 | Slime:5  | Noticed the Royal Jelly
 80325 | Slime:5  | Gained mutation: You are very frail. (-20% HP) [a shining
                  | eye]
 80712 | Slime:5  | Killed the Royal Jelly
 81009 | Slime:5  | Gained mutation: You occasionally lose the ability to read
                  | scrolls when taking damage. [a shining eye]
 81301 | Slime:5  | Identified the +10 plate armour of the Old World {Int+4}
 81372 | Slime:5  | Identified the +1 robe of Cocytus {Dex+2}
 81374 | Slime:5  | Got a slimy rune of Zot
 81392 | Slime:5  | Identified the staff of War {rN+ Int+3 Dex+2 Necro}
 81762 | Orc:2    | Bought a potion of haste for 140 gold pieces
 81762 | Orc:2    | Bought a potion of mutation for 112 gold pieces
 81762 | Orc:2    | Bought a potion of magic for 112 gold pieces
 81762 | Orc:2    | Bought a potion of haste for 140 gold pieces
 81762 | Orc:2    | Bought a potion of heal wounds for 70 gold pieces
 81762 | Orc:2    | Bought a potion of heal wounds for 70 gold pieces
 81762 | Orc:2    | Bought a potion of brilliance for 56 gold pieces
 81762 | Orc:2    | Lost mutation: You have hidden genetic potential. [potion
                  | of mutation]
 81762 | Orc:2    | Lost mutation: You occasionally lose the ability to read
                  | scrolls when taking damage. [potion of mutation]
 81762 | Orc:2    | Lost mutation: You are vulnerable to cold. (rC-) [potion of
                  | mutation]
 81762 | Orc:2    | Lost mutation: You sometimes lose your temper in combat.
                  | [potion of mutation]
 81992 | Zot:1    | Entered Level 1 of the Realm of Zot
 83347 | Zot:2    | Noticed Parghit
 83458 | Zot:2    | Identified the ring of Light {Ice rCorr}
 83458 | Zot:2    | Noticed Josephina
 83584 | Zot:2    | Killed Josephina
 83604 | Zot:2    | Killed Parghit
 84107 | Zot:2    | You fall into a shaft and drop 2 floors!
 86111 | Zot:4    | Identified the +12 glaive of Liamahe {heavy, Dex+3}
 86345 | Zot:4    | Noticed a Killer Klown
 86349 | Zot:4    | Killed a Killer Klown
 86521 | Zot:4    | Noticed Vv
 86525 | Zot:4    | Killed Vv
 86961 | Zot:5    | Entered Level 5 of the Realm of Zot
 87110 | Zot:5    | Reached skill level 25 in Air Magic
 87612 | Zot:5    | Noticed a dread lich
 87616 | Zot:5    | Killed a dread lich
 87722 | Zot:5    | Noticed a Killer Klown
 87726 | Zot:5    | Killed a Killer Klown
 87814 | Zot:5    | Noticed a dread lich
 87817 | Zot:5    | Killed a dread lich
 87928 | Zot:5    | Noticed a Killer Klown
 87931 | Zot:5    | Killed a Killer Klown
 87987 | Zot:5    | Noticed a Killer Klown
 88128 | Zot:5    | Killed a Killer Klown
 88198 | Zot:5    | Noticed a Killer Klown
 88203 | Zot:5    | Killed a Killer Klown
 88368 | Zot:5    | Noticed a Killer Klown
 88369 | Zot:5    | Noticed an orb of fire
 88373 | Zot:5    | Killed a Killer Klown
 88378 | Zot:5    | Gained mutation: Your spells are a little easier to cast,
                  | but a little less powerful. [an orb of fire]
 88381 | Zot:5    | Gained mutation: You are dopey. (Int -2) [an orb of fire]
 88382 | Zot:5    | Killed an orb of fire
 88537 | Zot:5    | Noticed a Killer Klown
 88547 | Zot:5    | Killed a Killer Klown
 88770 | Zot:5    | Noticed a dread lich
 88777 | Zot:5    | Killed a dread lich
 88815 | Zot:5    | Noticed a dread lich
 88820 | Zot:5    | Killed a dread lich
 88973 | Zot:5    | Reached skill level 26 in Air Magic
 89081 | Zot:5    | Noticed an orb of fire
 89090 | Zot:5    | Killed an orb of fire
 89424 | Zot:5    | Lost mutation: You are very frail. (-20% HP) [potion of
                  | mutation]
 89424 | Zot:5    | Lost mutation: You are dopey. (Int -2) [potion of mutation]
 89424 | Zot:5    | Lost mutation: Your spells are a little easier to cast, but
                  | a little less powerful. [potion of mutation]
 89424 | Zot:5    | Gained mutation: You have a somewhat thin skeletal
                  | structure. (Dex +2, Stealth+) [potion of mutation]
 89424 | Zot:5    | Gained mutation: You do not regenerate when monsters are
                  | visible. [potion of mutation]
 89424 | Zot:5    | Gained mutation: You are partially covered in iridescent
                  | scales. (AC +2) [potion of mutation]
 89424 | Zot:5    | Gained mutation: Your muscles are strong. (Str +4, Int/Dex
                  | -1) [potion of mutation]
 89425 | Zot:5    | Lost mutation: You have a somewhat thin skeletal structure.
                  | (Dex +2, Stealth+) [potion of mutation]
 89425 | Zot:5    | Lost mutation: You are partially covered in iridescent
                  | scales. (AC +2) [potion of mutation]
 89426 | Zot:5    | Lost mutation: Your muscles are strong. (Str +4, Int/Dex
                  | -1) [potion of mutation]
 89426 | Zot:5    | Lost mutation: You do not regenerate when monsters are
                  | visible. [potion of mutation]
 89426 | Zot:5    | Gained mutation: Your natural rate of healing is unusually
                  | fast. [potion of mutation]
 89426 | Zot:5    | Gained mutation: Potions are less effective at restoring
                  | your health. [potion of mutation]
 89426 | Zot:5    | Gained mutation: You possess an exceptional clarity of
                  | mind. [potion of mutation]
 89427 | Zot:5    | Got the Orb of Zot
 89612 | Depths:2 | Noticed Xahoczew the pandemonium lord
 89627 | Depths:1 | Noticed Vous the pandemonium lord
 89893 | D:$      | Escaped with the Orb!

Illustrated notes

Levels and vault maps discovered:
D:1:      wander_arrival_desolate, layout_basic
D:2:      layout_basic, uniq_natasha
D:3:      layout_rooms, shapermc_ecumenical_altar_venn,
          nicolae_twisty_statue_hallways, uniq_ijyb, uniq_jessica, uniq_terence
D:4:      layout_loops_cross
D:5:      layout_loops_ring, uniq_pikel
D:6:      layout_loops_ring, minitemple, nicolae_overflow_two_pavilions,
          minmay_temple_entry_steel_oval, portal_sewer_entry_d
D:7:      layout_basic, uniq_menkaure
D:8:      layout_loops_cross, nzn_ghost_randoct, kennysheep_boxes
D:9:      gammafunk_cloud_chamber, layout_irregular_city, old_standard_altar,
          enter_bailey_2, uniq_joseph
D:10:     layout_loops_ring, kennysheep_generic_room_8, uniq_nergalle, uniq_grum
D:11:     layout_loops_corners, minmay_lair_entry_grove, special_room
          [special_room_bee]
D:12:     layout_big_octagon, orc_0_dummy, kb_tengu_band
D:13:     layout_roguey, hellmonk_vaults_order_and_chaos, uniq_rupert
D:14:     layout_irregular_city, gammafunk_ghost_ooze
D:15:     gammafunk_depths_entry_grave, layout_stronghold, serial_shops,
          nicolae_shop_tiny_glass, gauntlet_entry_generic,
          kiku_gazebo_garden_becter, tso_oasis_becter, uniq_kirke
Lair:1:   layout_regular_city, lemuel_fruit_fields, infiniplex_staircase_pool_2
Lair:2:   layout_cave_pods, swamp_mist, grunt_megastairs_4, uniq_harold,
          uniq_sonja
Lair:3:   layout_chaotic_city, minmay_snake_entry_six_corridors,
          hibernation_bobbens, lemuel_fruit_fields, uniq_snorg
Lair:4:   layout_concentric_octagons, uniq_urug
Lair:5:   evilmike_catoblepas_cave, layout_loops_ring, slime_entry_1
Swamp:1:  layout_falls_marsh, nicolae_swamp_fairy_circle
Swamp:2:  layout_falls_marsh, evilmike_swamp_ruin_house_5
Swamp:3:  layout_basic_swamp, evilmike_swamp_ruin_house_3
Swamp:4:  byrel_swamp_growth_death_and_undeath, layout_basic_swamp
Snake:1:  layout_grid_maze, nicolae_snake_gridmaze_big_u, lightli_airlock
Snake:2:  layout_grid_shapes, uniq_aizul, uniq_mlioglotl
Snake:3:  layout_rooms
Snake:4:  hellmonk_snake_rune_quicksilver_temple, layout_onion,
          nicolae_snake_scaly_snakehead
Slime:1:  layout_caves, cheibrodos_slime_lost_civilization_4
Slime:2:  layout_caves
Slime:3:  nicolae_slime_spelunking
Slime:4:  layout_caves
Slime:5:  slime_pit
Orc:1:    layout_caves, basic_altar, serial_shops, shop, uniq_jorgrun
Orc:2:    hellmonk_orc_salted, layout_diamond_mine
Elf:1:    minmay_elf_arrival_plus, layout_onion_city, serial_shops, shop,
          evilmike_minifort, minivault_23
Elf:2:    elven_hall_of_blades_hangedman_alternative
          [nicolae_blade_entry_pointy_end], layout_geoelf_diagonals,
          serial_shops, nicolae_shop_overgrown_old_shop, shop, corner_web_ring,
          minmay_strange_pillars, minmay_elf_necromancy
Elf:3:    minmay_elf_hall, layout_loops_corners, billiards_dpeg
Vaults:1: mu_enter_wizlab_1, nicolae_vaults_wrenched,
          nicolae_vaults_closet_pinwheel_2, nicolae_vaults_closet_pinwheel_6,
          v_rooms_4, nicolae_vaults_doubleplus_tesselated,
          nicolae_vaults_tetromino_T_2, nicolae_vaults_taking_the_gang_shopping,
          ontoclasm_vaults_tryst, nicolae_vaults_offset_grid_hallway_1,
          v_misc_16, vaults_room_stairs_pillars, nicolae_vaults_trapezoid_1,
          layout_vaults_big_cross, serial_shops, shop
Vaults:2: v_alt_pattern_5, blue_anna_dwarven_crypt,
          nicolae_vaults_murder_corner, v_misc_4, vaults_room_octagon,
          nicolae_vaults_double_plus_1, vaults_dpeg_emergency_exit,
          nicolae_vaults_triangles, nicolae_vaults_offset_grid_hallway_3,
          hangedman_vaults_slice, grunt_vaults_hallway_short,
          nicolae_vaults_steering_wheel, nicolae_vaults_closet_pinwheel_3,
          hangedman_vaults_impose, nicolae_vaults_trapezoid_lopsided_3,
          nicolae_vaults_trapezoid_4, layout_vaults_omnibox, serial_shops, shop
Vaults:3: nicolae_vaults_storage_room_glass, st_quartered_hall,
          nicolae_vaults_surprise_closet, nicolae_vaults_oval_intersection,
          nicolae_vaults_tetromino_Z_1, vaults_room_door_hall,
          ontoclasm_vaults_loading_screen, nicolae_vaults_stepped_doors,
          layout_vaults_omnigrid
Vaults:4: nicolae_vaults_spaceships, hangedman_vaults_capsules,
          hangedman_vaults_maws, nicolae_vaults_weapon_check,
          hangedman_vaults_trim, grunt_vaults_funnel, vaults_room_fancy_cross,
          nicolae_vaults_oval_intersection, nicolae_vaults_specimen_jars,
          vaults_dpeg_ring, layout_vaults_ring
Vaults:5: serial_shops
Depths:1: layout_forbidden_donut, enter_ziggurat_c, hell_entry,
          grunt_pan_entry_in_and_out, nrook_campfire, reono_crystal_passage,
          lightli_corner_chamber, uniq_norris, uniq_bai_suzhen, uniq_asterion
Depths:2: minmay_the_grid_octo_tiled_octocenter [minmay_the_grid_octo_shrine,
          minmay_the_grid_octo_checkered, minmay_the_grid_octo_horde,
          minmay_the_grid_octo_clover,
          minmay_the_grid_octo_prize_ultimate_mussel_roller,
          minmay_the_grid_square_5x5_trominoes, minmay_the_grid_square_5x5_meh,
          minmay_the_grid_square_5x5_spiral_small,
          minmay_the_grid_square_5x5_v], layout_basic, grunt_mini_vestibule,
          rand_demon_pan_entry_1, minmay_misc_feat_tiny
Depths:3: minmay_firetagon, layout_basic, hell_entry,
          gammafunk_ghost_wrathful_warriors, nicolae_trove_entry_crystal,
          chequers_serial_rivers_small_b, minmay_room_of_horrors
Depths:4: grunt_zot_entry_bicorn, layout_cave_pools, hell_entry,
          minmay_misc_feat_pillars, serial_bayou_shore_b, grunt_megastairs_1,
          uniq_margery, uniq_mennas, uniq_sojobo, uniq_enchantress
Zot:1:    layout_misc_corridors
Zot:2:    nicolae_zot_stationary_front, layout_onion_interference, uniq_grunn,
          uniq_parghit, uniq_josephina
Zot:3:    layout_basic, grunt_ministairs_5
Zot:4:    layout_gridville, uniq_vv
Zot:5:    layout_gridlike

Skill      XL: |  1  2  3  4  5  6  7  8  9 10 11 12 13 14 15 16 17 18 19 20 21 22 23 24 25 26 27 |
---------------+----------------------------------------------------------------------------------+-----
Ice Magic      | 5 6 7 |  7.8
Spellcasting   | 3 4 6 10 12 13 14 15 16 17 18 19 | 19.6
Fighting       | 2 4 6 8 9 11 13 | 13.5
Shields        | 2 4 5 6 8 |  8.0
Evocations     | 2 5 8 10 11 12 | 12.0
Stealth        | 0 |  0.0
Dodging        | 4 5 8 10 15 | 15.5
Staves         | 6 12 | 12.0
Armour         | 3 4 6 12 14 | 14.0
Conjurations   | 10 13 15 18 19 24 | 24.0
Air Magic      | 7 9 14 18 21 22 24 26 | 26.3

Action                     |  1- 3 |  4- 6 |  7- 9 | 10-12 | 13-15 | 16-18 | 19-21 | 22-24 | 25-27 || total
---------------------------+-------+-------+-------+-------+-------+-------+-------+-------+-------++-------
  Melee: Unarmed           |    22 |       |       |       |       |       |       |       |       ||    22
         Dagger            |     3 |       |    33 |    56 |       |       |       |       |       ||    92
         Flail             |       |       |       |    97 |   632 |   123 |       |       |       ||   852
         Scimitar          |       |       |       |       |       |   321 |   182 |       |       ||   503
         Rapier            |       |       |       |       |       |    41 |       |       |       ||    41
         Staff             |       |       |       |       |       |       |   598 |  1097 |   583 ||  2278
   Fire: Sling             |    18 |    53 |   153 |   164 |     4 |     7 |       |       |       ||   399
  Throw: Dart              |       |     4 |       |       |    21 |     1 |     1 |       |       ||    27
         Boomerang         |       |       |       |       |     3 |       |       |       |       ||     3
   Cast: Freeze            |    48 |    16 |     2 |     4 |    16 |       |       |       |       ||    86
         Frozen Ramparts   |       |    13 |    46 |    94 |   156 |   144 |    44 |       |       ||   497
         Ozocubu's Armour  |       |     3 |    10 |    37 |    69 |    88 |    27 |       |       ||   234
         Hailstorm         |       |       |       |       |       |   136 |    81 |       |       ||   217
         Irradiate         |       |       |       |       |       |    11 |    93 |    66 |    22 ||   192
         Arcjolt           |       |       |       |       |       |       |    81 |   157 |    50 ||   288
         Fulminant Prism   |       |       |       |       |       |       |     9 |       |       ||     9
         Airstrike         |       |       |       |       |       |       |       |     1 |       ||     1
         Maxwell's Capacit |       |       |       |       |       |       |       |     5 |    99 ||   104
         Chain Lightning   |       |       |       |       |       |       |       |       |   165 ||   165
 Invoke: Sacrifice Love    |       |     1 |       |       |       |       |       |       |       ||     1
         Sacrifice Stealth |       |       |     1 |       |       |       |       |       |       ||     1
         Sacrifice Health  |       |       |       |     1 |       |       |       |       |       ||     1
         Draw Out Power    |       |       |       |     3 |     3 |     2 |       |       |       ||     8
         Sacrifice Resista |       |       |       |     1 |       |       |       |       |       ||     1
         Power Leap        |       |       |       |     3 |     3 |     4 |     5 |       |     2 ||    17
         Sacrifice Purity  |       |       |       |     1 |       |       |       |       |       ||     1
         Sacrifice Forms   |       |       |       |       |     1 |       |       |       |       ||     1
         Apocalypse        |       |       |       |       |       |       |     4 |    13 |    10 ||    27
  Evoke: Wand              |       |       |     2 |    14 |    17 |     9 |     7 |     3 |     5 ||    57
         Phial of floods   |       |       |       |       |     1 |     1 |     1 |       |     1 ||     4
         Tin of tremorston |       |       |       |       |     2 |     1 |     2 |     3 |     3 ||    11
    Use: Scroll            |     2 |     3 |     4 |     7 |     8 |     8 |     4 |    14 |     6 ||    56
         Potion            |       |       |     1 |     2 |     1 |     1 |     5 |     1 |    10 ||    21
   Stab: Sleeping          |       |       |     1 |       |       |       |       |       |       ||     1
         Distracted        |       |       |       |     1 |     7 |     2 |     2 |     3 |     2 ||    17
         Invisible         |       |       |       |     2 |     4 |     7 |    10 |     6 |     6 ||    35
         Paralysed         |       |       |       |       |    21 |    24 |    18 |    11 |     5 ||    79
 Armour: Robe              |    31 |    27 |    49 |    38 |       |   253 |   121 |       |       ||   519
         Ring mail         |       |       |       |   299 |   447 |   223 |   493 |   455 |   142 ||  2059
         Acid dragon scale |       |       |       |       |       |       |       |       |   415 ||   415
  Dodge: Dodged            |    44 |    36 |    41 |   185 |   352 |   362 |   439 |   561 |   500 ||  2520
  Block: Buckler           |       |     3 |    34 |   139 |   270 |   273 |   288 |   347 |   242 ||  1596

Table legend: (Time is in decaauts)
 A = Elapsed time spent in this place.
 B = Non-inter-level travel time spent in this place.
 C = Inter-level travel time spent in this place.
 D = Time resting spent in this place.
 E = Time spent auto-exploring this place.
 F = Levels seen in this place.
 G = Mean time per level.
                   A        B        C        D        E       F      G
               +--------+--------+--------+--------+--------+-----+--------+
         Total |  89870 |  83642 |   6228 |  12228 |  52973 |  57 | 1576.7 |
       Dungeon |  21741 |  19572 |   2169 |   1695 |  12908 |  15 | 1449.4 |
          Lair |   8485 |   7643 |    842 |    770 |   5362 |   5 | 1697.0 |
         Swamp |   3799 |   3647 |    152 |    498 |   2300 |   4 |  949.8 |
     Snake Pit |  10097 |   9735 |    362 |   1153 |   6663 |   4 | 2524.2 |
    Slime Pits |   2225 |   2085 |    140 |    958 |    612 |   5 |  445.0 |
  Orcish Mines |   4494 |   3860 |    634 |    677 |   2124 |   2 | 2247.0 |
   Elven Halls |   7196 |   6808 |    388 |    669 |   4655 |   3 | 2398.7 |
        Vaults |  12333 |  11590 |    743 |   3055 |   6633 |   5 | 2466.6 |
        Depths |   8795 |   8424 |    371 |   1737 |   5066 |   4 | 2198.8 |
           Zot |   6920 |   6498 |    422 |    802 |   4661 |   5 | 1384.0 |
         Trove |    119 |    119 |      0 |      0 |     54 |   1 |  119.0 |
         Sewer |    976 |    976 |      0 |      5 |    699 |   1 |  976.0 |
        Bailey |    783 |    783 |      0 |     96 |    463 |   1 |  783.0 |
        Wizlab |   1298 |   1298 |      0 |      0 |    554 |   1 | 1298.0 |
      Gauntlet |    604 |    604 |      0 |    111 |    216 |   1 |  604.0 |
               +--------+--------+--------+--------+--------+-----+--------+

Top non-repeatable levels by time:
 Snake:4: 4276 daAuts
Vaults:4: 3638 daAuts
   Orc:2: 3450 daAuts
Vaults:1: 2900 daAuts
    D:11: 2703 daAuts
Depths:2: 2672 daAuts
   Elf:2: 2533 daAuts
Vaults:3: 2525 daAuts
Depths:4: 2393 daAuts
   Elf:3: 2380 daAuts
  Lair:5: 2370 daAuts
   Zot:5: 2359 daAuts
Depths:3: 2349 daAuts
 Snake:2: 2334 daAuts
   Elf:1: 2282 daAuts
